 Dungeon Crawl Stone Soup version 0.24.0-41-g2ae2f7f1be (webtiles) character file.

Game seed: 16847800211200370682, levelgen mode: deterministic

209 Curus the Spear-Bearer (level 5, -2/38 HPs)
             Began as a Merfolk Gladiator on Dec 14, 2019.
             Slain by Natasha (5 damage)
             ... on level 2 of the Dungeon.
             The game lasted 00:07:10 (1681 turns).

Curus the Spear-Bearer (Merfolk Gladiator)          Turns: 1681, Time: 00:07:10

Health: -2/38      AC:  7    Str: 15    XL:     5   Next: 87%
Magic:  5/5        EV: 13    Int:  7    God:
Gold:   67         SH:  0    Dex: 14    Spells: 4/4 levels left

rFire    . . .     SeeInvis .   a - +0 trident
rCold    . . .     Gourm    .   (no shield)
rNeg     . . .     Faith    .   b - +0 leather armour
rPois    .         Spirit   .   c - +0 helmet
rElec    .         Reflect  .   g - +2 cloak {MR+}
rCorr    .         Harm     .   (no gloves)
MR       +....                  (no boots)
Stlth    +.........             (no amulet)
HPRegen  0.12/turn              e - -2 ring of dexterity (curse)
MPRegen  0.09/turn              (no ring)

@: no status effects
A: change form in water, swift swim, stealthy swim
a: no special abilities


You were on level 2 of the Dungeon.
You were not hungry.

You visited 1 branch of the dungeon, and saw 2 of its levels.

You collected 67 gold pieces.

Inventory:

Hand Weapons
 a - a +0 trident (weapon)
Missiles
 d - 2 throwing nets (quivered)
Armour
 b - a +0 leather armour (worn)
 c - a +0 helmet (worn)
 g - a +2 cloak of magic resistance (worn)
Jewellery
 e - a cursed -2 ring of dexterity (left hand)
Scrolls
 h - a scroll of teleportation
 j - a scroll of remove curse
Potions
 i - 3 potions of curing
Comestibles
 f - 6 rations


   Skills:
 - Level 2.1 Fighting
 + Level 9.2 Polearms
 - Level 2.0 Throwing
 - Level 4.0 Dodging


You had 4 spell levels left.
You didn't know any spells.
Your spell library was empty.

Dungeon Overview and Level Annotations

Branches:
Dungeon (2/15)

Altars:
Uskayaw
Vehumet

Annotations:
D:2 Natasha


Message History

You puncture the worm!
You kill the worm!
Natasha claws you.
You hit Natasha.
Natasha is moderately wounded.
You barely miss Natasha.
Natasha is moderately wounded.
Natasha claws you!
* * * LOW HITPOINT WARNING * * *
You hit Natasha.
Natasha is heavily wounded.
Natasha casts a spell at you. The magic dart hits you.
* * * LOW HITPOINT WARNING * * *
Throwing (i - inventory)
d - 3 throwing nets (quivered)
Press: ? - help, Shift-Dir - straight line, f - Natasha
Aim: Natasha (moderately wounded)
You throw a throwing net. The throwing net barely misses Natasha.
Natasha claws you.
You die...

.# .#. .#. .#. .#.###
.....# ####### .##.)#
.......
.##..############†......
.##.............@h(8....
..#.##############......
##..## 8..!. #...# ..!$
##...# .._ .)#..# ##
###..# #..# #..#


You could see Natasha.

Vanquished Creatures
  A crimson imp (D:2)
  Terence (D:2)
  Natasha (twice) (D:2)
  4 gnolls (D:2)
  2 adders (D:2)
  A worm (D:2)
  A dart slug (D:1)
  2 giant cockroaches (D:1)
  4 goblins
  7 hobgoblins
  3 jackals (D:1)
  6 kobolds (D:1)
  A ball python (D:1)
  4 bats
  3 rats
42 creatures vanquished.

Vanquished Creatures (others)
  A rat (D:2)
1 creature vanquished.

Grand Total: 43 creatures vanquished

Notes
Turn   | Place    | Note
-------+----------+-------------------------------------------
     0 | D:1      | Curus the Merfolk Gladiator began the quest for the Orb.
     0 | D:1      | Reached XP level 1. HP: 16/16 MP: 1/1
   102 | D:1      | Reached skill level 5 in Polearms
   117 | D:1      | Reached XP level 2. HP: 19/22 MP: 2/2
   565 | D:1      | Reached skill level 6 in Polearms
   565 | D:1      | Reached XP level 3. HP: 19/27 MP: 3/3
   968 | D:2      | Reached skill level 7 in Polearms
   968 | D:2      | Reached XP level 4. HP: 33/33 MP: 4/4
   986 | D:2      | Noticed Terence
  1025 | D:2      | Killed Terence
  1244 | D:2      | Reached skill level 8 in Polearms
  1261 | D:2      | Noticed Natasha
  1264 | D:2      | Killed Natasha
  1264 | D:2      | Reached XP level 5. HP: 31/38 MP: 5/5
  1269 | D:2      | Found a radiant altar of Vehumet.
  1421 | D:2      | Noticed Natasha
  1431 | D:2      | Killed Natasha
  1431 | D:2      | Reached skill level 9 in Polearms
  1672 | D:2      | Noticed Natasha
  1674 | D:2      | Found a hide-covered altar of Uskayaw.
  1681 | D:2      | Slain by Natasha

Levels and vault maps discovered:
D:1:      dpeg_arrival_arbitrary_c, layout_loops_ring, minivault_26,
          minmay_misc_feat_tiny
D:2:      layout_loops_ring, fiery_altar_vehumet,
          eat_drink_and_be_merry_uskayaw, dk_vineyard_2, minmay_curled_crystal,
          uniq_natasha, uniq_terence

Skill      XL: |  1  2  3  4  5 |
---------------+----------------+-----
Polearms       | 5 6 7 8 9 |  9.2
Fighting       | |  2.1
Throwing       | |  2.0
Dodging        | |  4.0

Action                   |  1- 3 |  4- 6 || total
-------------------------+-------+-------++-------
Melee: Trident           |   104 |   100 ||   204
Throw: Throwing net      |       |     2 ||     2
  Use: Scroll            |     5 |     2 ||     7
       Potion            |     3 |       ||     3
  Eat: Chunk             |       |     3 ||     3
Armor: Leather armour    |    26 |    21 ||    47
Dodge: Dodged            |    52 |    51 ||   103
